 Dungeon Crawl Stone Soup version 0.20.1-1-g8b1a95d (webtiles) character file.

47202 spiff the Martial Artist (level 14, -3/143 HPs)
             Began as a Troll Hunter on July 17, 2017.
             Was an Elder of Jiyva.
             Slain by a sixfirhy (11 damage)
             ... on level 6 of the Lair of Beasts on July 18, 2017.
             The game lasted 01:13:23 (17173 turns).

spiff the Martial Artist (Troll Hunter)            Turns: 17173, Time: 01:13:24

Health: -3/143     AC:  6    Str: 12    XL:     14   Next: 7%
Magic:  20/22      EV: 12    Int: 13    God:    Jiyva [****..]
Gold:   553        SH: 12    Dex: 21    Spells: 20/25 levels left

rFire    + . .     SeeInvis .     - Unarmed
rCold    + + .     Gourm    +   K - +1 shield
rNeg     . . .     Faith    .   Y - +2 animal skin {rC+}
rPois    .         Spirit   .   (helmet restricted)
rElec    .         Reflect  .   (no cloak)
rCorr    +         Harm     .   (gloves unavailable)
MR       +....                  (boots unavailable)
Stlth    ++........             l - amulet of regeneration
Regen    1.2/turn               Q - ring of protection from cold
MPRegen  0.2/turn               O - ring of protection from fire

@: about to teleport
A: unfitting armour, claws 3, fast metabolism 3, gourmand, sense surroundings 1,
regeneration 1, shaggy fur 1, strong 1, tough skin 2, pseudopods 1, evolution 1,
jelly absorbing missiles
a: Request Jelly, Slimify, Renounce Religion


You were on level 6 of the Lair of Beasts.
You worshipped Jiyva.
Jiyva was greatly pleased with you.
You were full.

You visited 2 branches of the dungeon, and saw 18 of its levels.
You also visited: Ice Cave.

You collected 930 gold pieces.
You spent 377 gold pieces at shops.

Inventory:

Missiles
 d - 3 throwing nets
 j - 7 javelins
 m - 35 tomahawks (quivered)
 R - 2 tomahawks of returning
Armour
 K - a +1 shield (worn)
 N - a scarf of spirit shield
 Y - a +2 animal skin of cold resistance (worn)
Jewellery
 l - an amulet of regeneration (around neck)
 p - an uncursed ring of flight
 D - an uncursed amulet of faith {unknown}
 H - an uncursed ring of fire
 J - an uncursed amulet of rage
 O - a ring of protection from fire (right claw)
 Q - a ring of protection from cold (left claw)
Wands
 a - a wand of random effects (22/48)
 s - a wand of disintegration (21/24)
 F - a wand of digging (3/24)
 W - a wand of iceblast (8/15)
 X - a wand of acid (5/15)
Scrolls
 b - a scroll of fear
 e - a scroll of amnesia
 t - a scroll of enchant armour
 y - 4 scrolls of identify
 A - 7 scrolls of remove curse
 B - 2 scrolls of immolation
 G - 2 scrolls of enchant weapon
 S - a scroll of blinking
 U - 3 scrolls of fog
Potions
 h - a potion of ambrosia
 i - 3 potions of brilliance {unknown}
 n - 2 potions of berserk rage {unknown}
 o - a potion of agility
 r - 8 potions of curing
 u - 2 potions of flight {unknown}
 v - a potion of might {unknown}
 w - a potion of resistance
 z - a potion of degeneration {unknown}
 E - a potion of cancellation {unknown}
 I - a potion of invisibility {unknown}
 M - 2 potions of haste
 P - 4 potions of lignification {unknown}
Books
 L - a book of Cantrips

   Spells                             Type                      Level
   a - Confusing Touch                Hexes                        1
   b - Animate Skeleton               Necromancy                   1
   c - Summon Small Mammal            Summoning                    1
   d - Apportation                    Translocation                1
 T - a book of Necromancy

   Spells                             Type                      Level
   a - Pain                           Necromancy                   1
   b - Animate Skeleton               Necromancy                   1
   c - Vampiric Draining              Necromancy                   3
   d - Regeneration                   Charms/Necromancy            3
   e - Animate Dead                   Necromancy                   4
   f - Control Undead                 Necromancy                   4
Comestibles
 f - 12 bread rations
 g - 12 fruits
 k - 8 royal jellies
 x - 3 meat rations


   Skills:
 - Level 10.0 Fighting
 - Level 7.0 Throwing
 - Level 3.0 Dodging
 - Level 0.3 Stealth
 - Level 9.0 Shields
 + Level 11.6 Unarmed Combat
 - Level 6.0 Spellcasting
 - Level 5.0 Charms
 - Level 5.0 Necromancy
 + Level 2.4 Translocations


You had 20 spell levels left.
You knew the following spells:

 Your Spells              Type           Power        Failure   Level  Hunger
a - Animate Skeleton      Necr           N/A          2%          1    None
b - Regeneration          Chrm/Necr      ###.......   6%          3    ###....
c - Apportation           Tloc           ##....       6%          1    None


Dungeon Overview and Level Annotations

Branches:
Dungeon (12/15)            Temple (0/1) D:7            Lair (6/6) D:9
  Swamp (0/4) Lair:2       Spider (0/4) Lair:4        Slime (0/5) Lair:5
    Orc (0/2) D:9

Altars:
Ashenzari
Dithmenos
Fedhas
Hepliaklqana
Makhleb
Okawaru
Ru
Sif Muna
Trog
Uskayaw
Xom
Yredelemnul
Zin
The Shining One
Beogh
Jiyva

Shops:
D:8 :*?%   D:10 *   D:11 *

Annotations:
Lair:5 exclusion: death yak


Innate Abilities, Weirdness & Mutations

You are too large for most types of armour.
You have claws for hands.
Your metabolism is lightning-fast.
You like to eat raw meat.
Your natural rate of healing is unusually fast.
You are covered in fur. (AC +1)
You have very tough skin. (AC +2)
You passively map a small area around you.
Your muscles are strong. (Str +2)
Armour fits poorly on your pseudopods.
You evolve.
You have a small jelly attached to you that may absorb incoming projectiles.


Message History

You assume a fearsome visage.
The polar bear looks frightened!
The orange demon is unaffected.
The sixfirhy is unaffected.
The jelly looks frightened!
The jelly trembles before you. The sixfirhy misses you.
As you read the scroll of teleportation, it crumbles to dust.
You feel strangely unstable. You block the sixfirhy's attack.
The sixfirhy hits you.
* * * LOW HITPOINT WARNING * * *
The sixfirhy shocks you!
* * * LOW HITPOINT WARNING * * *
The sixfirhy hits you.
* * * LOW HITPOINT WARNING * * *
The sixfirhy shocks you!
* * * LOW HITPOINT WARNING * * *
You block the sixfirhy's attack.
You feel better. You block the sixfirhy's attack. The sixfirhy hits you!
* * * LOW HITPOINT WARNING * * *
The sixfirhy shocks you!
You die...

.................J.. , ,*
........................ #..
........................ #.#####
#.#.<....................
..#.#P##P.#........4.............
#..................h.............
P................................
#................................
#...............@3............S..
........###...P##..J.P.P.........
...P#.##.......######...........#
#..##..#.##....##.....#.......###
#.#.#..........#.....##......#Y.#
.............................t§§.
...P......#.J...#.....P......#.§§
#..#......##...##.#...P#.........
...#..#.#.##...###.............#.


You could see an orange demon, a polar bear (fleeing), a sixfirhy and a neutral
jelly (fleeing) (fellow slime).

Vanquished Creatures
  A frost giant (IceCv)
  Snorg (D:12)
  A catoblepas (Lair:5)
  An alligator (Lair:2)
  8 death yaks
  2 two-headed ogres (D:9)
  A queen ant (Lair:2)
  An unseen horror (D:10)
  A wizard (Lair:6)
  Pikel (D:4)
  The ghost of Agrougrou the Chopper, a novice DsMo of Okawaru (D:5)
  2 ugly things
  An elephant (D:9)
  4 black mambas
  A centaur zombie (D:12)
  A torpor snail (Lair:2)
  2 molten gargoyles (Lair:1)
  An ice statue (IceCv)
  An orange demon (Lair:6)
  4 spiny frogs
  3 rime drakes
  7 komodo dragons
  A queen bee (shapeshifter) (D:11)
  18 polar bears
  A troll (D:12)
  3 hippogriffs
  18 blink frogs
  A meliai zombie (D:11)
  A shadow (D:11)
  A redback (Lair:4)
  A vampire (D:11)
  A wyvern (Lair:6)
  4 basilisks
  4 hogs (D:7)
  3 fire bats (Lair:1)
  A human (D:7)
  2 fire elementals (Lair:1)
  27 yaks
  A hungry ghost (D:11)
  Menkaure (D:4)
  2 insubstantial wisps (Lair:2)
  An acid dragon (D:11)
  20 soldier ants (Lair:2)
  8 water moccasins
  4 porcupines
  3 hell hounds (Lair:6)
  2 slaves (D:4)
  5 necrophages (Lair:3)
  4 orc warriors
  A sky beast (D:6)
  12 ice beasts
  2 phantoms
  A hornet zombie (D:8)
  5 ogres
  12 wolves (IceCv)
  6 centaurs
  9 crocodiles
  Blork the orc (D:5)
  2 big kobolds
  14 bullfrogs
  A gnoll sergeant (D:9)
  A wyvern skeleton (D:12)
  3 scorpions
  10 wights
  3 killer bees (D:11)
  An electric eel (Lair:4)
  3 howler monkeys
  A crimson imp (D:5)
  4 lava snakes (Lair:1)
  4 hounds
  4 jellies
  A quasit (D:12)
  8 orc wizards
  Crazy Yiuf (D:6)
  4 centaur skeletons
  9 orc priests
  A bullfrog skeleton (D:4)
  Natasha (D:2)
  2 iguanas (D:8)
  2 hell rats (Lair:4)
  24 worker ants
  2 hound skeletons
  A howler monkey skeleton (D:9)
  17 adders
  11 gnolls
  3 river rats (Lair:4)
  5 shadow imps
  4 oozes
  2 adder skeletons
  2 worms
  2 dart slugs (D:4)
  3 leopard geckos
  60 orcs
  A ball python (D:1)
  8 bats
  3 giant cockroaches
  8 hobgoblins
  11 jackals
  22 kobolds
  4 quokkas
  8 frilled lizards
  2 gnoll zombies (D:6)
  9 goblins
  A leopard gecko skeleton (D:4)
  A quokka skeleton (D:5)
  5 rats
532 creatures vanquished.

Vanquished Creatures (others)
  An acid blob (Lair:2)
  A death yak (Lair:2)
  2 black mambas (Lair:6)
  A spiny frog (Lair:3)
  4 polar bears (Lair:6)
  3 yaks (Lair:6)
  A water moccasin (Lair:4)
  A slave (D:4)
  3 porcupines
  An eye of draining (D:9)
  A necrophage (D:8)
  2 crocodiles
  2 wolves (IceCv)
  A howler monkey (D:4)
  88 jellies
  An adder (D:11)
  2 river rats (Lair:4)
  4 orcs
  2 rats (Lair:4)
  34 fungi
  9 plants
164 creatures vanquished.

Grand Total: 696 creatures vanquished

Notes
Turn   | Place    | Note
-------+----------+-------------------------------------------
     0 | D:1      | spiff the Troll Hunter began the quest for the Orb.
     0 | D:1      | Reached XP level 1. HP: 19/19 MP: 0/0
    43 | D:1      | Reached skill level 1 in Unarmed Combat
   102 | D:1      | Reached XP level 2. HP: 27/27 MP: 1/1
   134 | D:1      | Reached skill level 2 in Unarmed Combat
   600 | D:2      | Found a sacrificial altar of Ru.
   718 | D:2      | Found a glowing golden altar of the Shining One.
   751 | D:2      | Reached XP level 3. HP: 29/33 MP: 2/2
   863 | D:2      | Found a blossoming altar of Fedhas.
   873 | D:2      | Reached skill level 3 in Unarmed Combat
   961 | D:2      | Noticed Natasha
   967 | D:2      | Killed Natasha
   984 | D:2      | Reached XP level 4. HP: 41/41 MP: 3/3
  1024 | D:2      | Reached skill level 4 in Unarmed Combat
  1281 | D:3      | Reached XP level 5. HP: 45/48 MP: 4/4
  1338 | D:3      | Reached skill level 5 in Unarmed Combat
  1404 | D:3      | Noticed an ice beast
  1420 | D:3      | Killed an ice beast
  1420 | D:3      | Reached skill level 6 in Unarmed Combat
  1420 | D:3      | Reached XP level 6. HP: 28/55 MP: 5/5
  1930 | D:4      | Found a deep blue altar of Sif Muna.
  1930 | D:4      | Found an iron altar of Okawaru.
  2063 | D:4      | Noticed Menkaure
  2086 | D:4      | Killed Menkaure
  2086 | D:4      | Reached skill level 7 in Unarmed Combat
  2086 | D:4      | Reached XP level 7. HP: 32/62 MP: 6/6
  2325 | D:4      | Noticed Pikel
  2361 | D:4      | Killed Pikel
  2361 | D:4      | Reached skill level 9 in Unarmed Combat
  2361 | D:4      | Reached XP level 8. HP: 28/70 MP: 7/7
  2497 | D:5      | Entered Level 5 of the Dungeon
  2561 | D:5      | Found a burning altar of Makhleb.
  2615 | D:5      | Noticed Agrougrou's ghost (novice DsMo)
  3011 | D:5      | Noticed Blork the orc
  3020 | D:5      | Killed Blork the orc
  3020 | D:5      | Reached skill level 10 in Unarmed Combat
  3465 | D:5      | Killed Agrougrou's ghost
  3465 | D:5      | Reached skill level 11 in Unarmed Combat
  3607 | D:6      | Reached XP level 9. HP: 71/79 MP: 8/8
  3609 | D:6      | Found a bloodstained altar of Trog.
  3879 | D:6      | Found a runed door.
  3945 | D:6      | Noticed Crazy Yiuf
  3948 | D:6      | Killed Crazy Yiuf
  4056 | D:6      | Found a basalt altar of Yredelemnul.
  4192 | D:7      | Found a shattered altar of Ashenzari.
  4529 | D:7      | Found a shadowy altar of Dithmenos.
  4570 | D:7      | Found a staircase to the Ecumenical Temple.
  4754 | D:7      | Learned a level 1 spell: Animate Skeleton
  4795 | D:7      | Reached skill level 1 in Shields
  4798 | D:7      | Reached skill level 5 in Throwing
  4952 | D:7      | You fall through a shaft for 3 floors!
  4952 | D:10     | Entered Level 10 of the Dungeon
  5332 | D:7      | Found a hazy altar of Hepliaklqana.
  5575 | D:8      | Reached XP level 10. HP: 84/91 MP: 7/9
  5600 | D:8      | Found Ilis's Book Shop.
  5678 | D:8      | Found Riurec's General Store.
  5839 | D:8      | Found Ublouv's Food Emporium.
  6234 | D:8      | Found Roats's Magic Scroll Emporium.
  6286 | D:8      | Bought a scroll of blinking for 82 gold pieces
  6441 | D:8      | Found a glowing silver altar of Zin.
  6948 | D:9      | Noticed a two-headed ogre
  6980 | D:9      | Found a staircase to the Lair.
  6980 | D:9      | Noticed an elephant
  6980 | D:9      | Noticed a death yak
  7021 | D:8      | Reached skill level 5 in Shields
  7192 | D:9      | Killed a death yak
  7241 | D:9      | Found a hide-covered altar of Uskayaw.
  7304 | D:9      | Killed a two-headed ogre
  7337 | Lair:1   | Entered Level 1 of the Lair of Beasts
  7397 | Lair:1   | Noticed a molten gargoyle
  7408 | Lair:1   | Killed a molten gargoyle
  7408 | Lair:1   | Reached skill level 5 in Fighting
  7543 | Lair:3   | Reached XP level 11. HP: 104/104 MP: 10/10
  7931 | Lair:5   | Noticed a death yak
  7957 | Lair:5   | Found a runed door.
  7958 | Lair:5   | Found a viscous altar of Jiyva.
  7961 | Lair:5   | Found a staircase to the Slime Pits.
  7977 | Lair:5   | Became a worshipper of Jiyva Jannovab the Shapeless
  8026 | Lair:5   | Found a frozen archway.
  8059 | IceCv    | Entered an ice cave
  8430 | IceCv    | Reached * piety under Jiyva
  8690 | IceCv    | Learned a level 3 spell: Regeneration
  8854 | IceCv    | Reached XP level 12. HP: 70/122 MP: 5/11
  8982 | IceCv    | Noticed a frost giant
  9010 | IceCv    | HP: 5/122 [frost giant/battleaxe of freezing (35)]
  9094 | IceCv    | Killed a frost giant
  9306 | IceCv    | Reached ** piety under Jiyva
  9639 | D:8      | Reached skill level 10 in Fighting
  9695 | D:8      | Reached *** piety under Jiyva
  9922 | D:9      | Found a shimmering altar of Xom.
  9994 | D:9      | Reached skill level 1 in Necromancy
 10046 | D:9      | Noticed a two-headed ogre
 10062 | D:9      | Killed a two-headed ogre
 10062 | D:9      | Reached skill level 1 in Spellcasting
 10181 | D:8      | Gained mutation: Your body has grown golden eyes which may confuse attackers. (Acc +3) [Jiyva's grace]
 10231 | D:9      | Found a roughly hewn altar of Beogh.
 10231 | D:9      | Found a staircase to the Orcish Mines.
 10243 | D:9      | Reached **** piety under Jiyva
 10371 | D:9      | Gained mutation: Your body has grown many golden eyes which may confuse attackers. (Acc +5) [Jiyva's grace]
 10379 | D:9      | Lost mutation: Your body has grown many golden eyes which may confuse attackers. (Acc +5) [potion of mutation]
 10379 | D:9      | Lost mutation: Your body has grown golden eyes which may confuse attackers. (Acc +3) [potion of mutation]
 10379 | D:9      | Gained mutation: Your spells are a little harder to cast, but a little more powerful. [potion of mutation]
 10379 | D:9      | Gained mutation: You are weak. (Str -2) [potion of mutation]
 10379 | D:9      | Gained mutation: You can translocate small distances at will. [potion of mutation]
 10463 | D:10     | Reached ***** piety under Jiyva
 10466 | D:10     | Lost mutation: You are weak. (Str -2) [Jiyva's power]
 10469 | Lair:1   | Gained mutation: Your spells are harder to cast, but more powerful. [Jiyva's grace]
 10551 | D:10     | Found Notuwkir's Assorted Antiques.
 10588 | D:10     | Bought a potion of heal wounds for 145 gold pieces
 10628 | D:10     | You fall through a shaft for 2 floors!
 10644 | D:11     | Noticed a two-headed ogre
 10657 | D:11     | Slimified a two-headed ogre
 10657 | D:11     | a two-headed ogre changed into a slime creature
 10796 | D:11     | Lost mutation: Your spells are harder to cast, but more powerful. [Jiyva's grace]
 10886 | D:11     | Found Monul's General Store.
 10893 | D:11     | Bought a potion of haste for 150 gold pieces
 11292 | D:12     | Noticed Snorg
 11300 | D:12     | Killed Snorg
 11402 | D:12     | Noticed a rakshasa
 11747 | Lair:1   | Gained mutation: You are partially covered in molten scales. (AC +2) [Jiyva's grace]
 11878 | Lair:1   | Reached XP level 13. HP: 93/133 MP: 17/17
 12230 | Lair:2   | Reached skill level 5 in Necromancy
 12340 | Lair:2   | Noticed an acid blob
 12340 | Lair:2   | an eight-headed hydra changed into an acid blob
 12480 | Lair:2   | Reached skill level 1 in Charms
 12751 | Lair:2   | Found a staircase to the Swamp.
 12867 | Lair:2   | Gained mutation: Your flesh is heat resistant. (rF+) [Jiyva's grace]
 13075 | Lair:2   | Killed an acid blob
 13630 | Lair:3   | Reached skill level 5 in Spellcasting
 13641 | Lair:3   | Lost mutation: Your spells are a little harder to cast, but a little more powerful. [potion of mutation]
 13641 | Lair:3   | Lost mutation: You can translocate small distances at will. [potion of mutation]
 13641 | Lair:3   | Lost mutation: Your flesh is heat resistant. (rF+) [potion of mutation]
 13641 | Lair:3   | Lost mutation: You are partially covered in molten scales. (AC +2) [potion of mutation]
 13641 | Lair:3   | Gained mutation: You evolve. [potion of mutation]
 13641 | Lair:3   | Gained mutation: You occasionally shout uncontrollably at your foes. [potion of mutation]
 13641 | Lair:3   | Gained mutation: You passively map a small area around you. [potion of mutation]
 13641 | Lair:3   | Gained mutation: Your system is resistant to poisons. (rPois) [potion of mutation]
 13856 | Lair:3   | Lost mutation: Your system is resistant to poisons. (rPois) [Jiyva's grace]
 14008 | Lair:3   | Reached ****** piety under Jiyva
 14176 | Lair:3   | Gained mutation: You have a small jelly attached to you that may absorb incoming projectiles. [Jiyva's grace]
 14469 | Lair:4   | Gained mutation: Your muscles are strong. (Str +2) [evolution]
 14520 | Lair:4   | Found a hole to the Spider Nest.
 16019 | Lair:5   | Learned a level 1 spell: Apportation
 16026 | Lair:6   | Entered Level 6 of the Lair of Beasts
 16205 | Lair:6   | Reached skill level 1 in Translocations
 16239 | Lair:6   | Noticed an azure jelly
 16239 | Lair:6   | a five-headed hydra changed into an azure jelly
 16308 | Lair:6   | Gained mutation: Armour fits poorly on your pseudopods. [Jiyva's grace]
 16415 | Lair:6   | Reached skill level 5 in Charms
 16439 | Lair:6   | Noticed an azure jelly
 16439 | Lair:6   | a five-headed hydra changed into an azure jelly
 16597 | Lair:6   | Reached XP level 14. HP: 114/143 MP: 15/22
 16698 | Lair:6   | Lost mutation: You occasionally shout uncontrollably at your foes. [Jiyva's power]
 16720 | Lair:6   | Paralysed by a wizard for 5 turns
 16810 | Lair:6   | HP: 4/143 [sixfirhy (10)]
 16838 | Lair:6   | Noticed an azure jelly
 16838 | Lair:6   | a five-headed hydra changed into an azure jelly
 17172 | Lair:6   | HP: 7/143 [sixfirhy (10)]
 17173 | Lair:6   | Slain by a sixfirhy

Skill      XL: |  1  2  3  4  5  6  7  8  9 10 11 12 13 14 |
---------------+-------------------------------------------+-----
Unarmed Combat | 1 2 3 4 6 7 9 11 | 11.6
Dodging        | 2 3 |  3.0
Fighting       | 3 5 8 10 | 10.0
Throwing       | 6 7 |  7.0
Shields        | 3 6 9 |  9.0
Necromancy     | 4 5 |  5.0
Spellcasting   | 3 6 |  6.0
Charms         | 5 |  5.0
Translocations | 1 2 |  2.4
Stealth        | |  0.3

Action                   |  1- 3 |  4- 6 |  7- 9 | 10-12 | 13-15 || total
-------------------------+-------+-------+-------+-------+-------++-------
Melee: Unarmed           |   104 |   148 |   276 |   938 |   750 ||  2216
       Short sword       |     3 |       |       |       |       ||     3
       Punch             |     1 |     2 |     9 |       |       ||    12
       Pseudopods        |       |       |       |       |    33 ||    33
Throw: Large rock        |       |       |       |    19 |     4 ||    23
       Tomahawk          |       |       |       |    15 |     4 ||    19
 Cast: Animate Skeleton  |       |       |       |     1 |       ||     1
       Regeneration      |       |       |       |       |    17 ||    17
       Apportation       |       |       |       |       |     5 ||     5
Invok: Slimify           |       |       |       |     2 |     5 ||     7
       Request Jelly     |       |       |       |     2 |       ||     2
       Cure Bad Mutation |       |       |       |     1 |     2 ||     3
Evoke: Wand              |       |       |       |     1 |       ||     1
  Use: Scroll            |       |       |    11 |     9 |     6 ||    26
       Potion            |       |       |       |     6 |     9 ||    15
 Stab: Sleeping          |       |       |     3 |     3 |     1 ||     7
       Distracted        |       |       |       |     1 |     2 ||     3
  Eat: Chunk             |    15 |    10 |    25 |    57 |    34 ||   141
Armor: Robe              |    42 |    28 |    53 |    66 |       ||   189
       Animal skin       |       |       |       |   106 |    97 ||   203
Dodge: Dodged            |    78 |    62 |    74 |   284 |   225 ||   723
Block: Shield            |       |       |    21 |   467 |   342 ||   830
